 Dungeon Crawl Stone Soup version 0.19-a0-28-g8794423 (webtiles) character file.

12929 AlphabetPasta the Thrower (level 12, -13/96 (97) HPs)
             Began as a Ghoul Hunter on May 1, 2016.
             Was an Elder of Kikubaaqudgha.
             Mangled by a minotaur (28 damage)
             ... in a labyrinth.
             The game lasted 02:23:10 (15542 turns).

AlphabetPasta the Thrower (Ghoul Hunter)           Turns: 15542, Time: 02:23:11

HP:   -13/96 (97)   AC:  8    Str: 24    XL:     12   Next: 0%
MP:   14/14         EV: 19    Int:  6    God:    Kikubaaqudgha [****..]
Gold: 278           SH:  0    Dex: 11    Spells: 4 memorised, 4 levels left

rFire  . . .     SeeInvis .       - Unarmed
rCold  + . .     Gourm    .     t - +0 troll leather armour
rNeg   + + +     Faith    .     (no shield)
rPois  ∞         Spirit   .     (no helmet)
rElec  .         Dismiss  .     B - +0 cloak
rCorr  .         Reflect  .     A - +1 pair of gloves
SustAt .         Harm     +     (no boots)
MR     +....                    T - amulet of harm
Stlth  +.........               m - +4 ring of evasion
                                S - ring of protection from magic

@: mighty, very slightly contaminated, rotting, somewhat resistant to hostile
enchantments, very unstealthy
A: rotting body, claws 1, carnivore 3, cold resistance 1, negative energy
resistance 3, slow regeneration 1, torment resistance, unbreathing
a: Receive Corpses, Renounce Religion


You were in a labyrinth.
You worshipped Kikubaaqudgha.
Kikubaaqudgha was greatly pleased with you.
You were not hungry.

You visited 2 branches of the dungeon, and saw 12 of its levels.
You also visited: Labyrinth, Sewer and Ossuary.

You collected 530 gold pieces.
You spent 252 gold pieces at shops.

Inventory:

Hand Weapons
 a - a +0 short sword
 b - a +0 hunting sling
 c - a +0 blowgun
Missiles
 e - 95 sling bullets
 n - 45 poisoned needles
 u - 62 stones (quivered)
Armour
 i - a +0 leather armour
 t - a +0 troll leather armour (worn)
 A - a +1 pair of gloves (worn)
 B - a +0 cloak (worn)
 N - a +0 scale mail
 Q - a +0 shield
Magical Staves
 y - an uncursed staff of wizardry
Jewellery
 h - a +2 ring of strength
 m - a +4 ring of evasion (right hand)
 D - an uncursed amulet of dismissal
 S - a ring of protection from magic (left hand)
 T - an amulet of harm (around neck)
Wands
 d - a wand of flame (19/48)
 r - a wand of slowing (23/48)
 K - a wand of random effects (21/48)
 V - a wand of teleportation (4/9)
Scrolls
 k - a scroll of teleportation
 w - 3 scrolls of remove curse
 G - 2 scrolls of magic mapping
Potions
 l - 3 potions of magic
 q - a potion of brilliance
 s - a potion of berserk rage
 v - 4 potions of degeneration
 x - a potion of lignification
 z - 2 potions of resistance
 C - 6 potions of cure mutation
 I - 4 potions of flight
 L - a potion of ambrosia
 U - a potion of cancellation
 W - a potion of curing
Books
 o - Kikubaaqudgha's Grimoire of Evil Secrets
   (Kikubaaqudgha gifted it to you in a sewer)

   Spells                             Type                      Level
   a - Animate Skeleton               Necromancy                   1
   b - Pain                           Necromancy                   1
   c - Corpse Rot                     Necromancy                   2
   d - Regeneration                   Charms/Necromancy            3
   e - Control Undead                 Necromancy                   4
 J - a Necronomicon

   Spells                             Type                      Level
   a - Haunt                          Necromancy/Summoning         7
   b - Borgnjor's Revivification      Necromancy                   8
   c - Death's Door                   Charms/Necromancy            8
   d - Necromutation                  Transmutation/Necromancy     8
 O - Kikubaaqudgha's Volume of Stolen Souls
   (Kikubaaqudgha gifted it to you on level 10 of the Dungeon)

   Spells                             Type                      Level
   a - Excruciating Wounds            Charms/Necromancy            5
   b - Bolt of Draining               Conjuration/Necromancy       5
   c - Agony                          Necromancy                   5
   d - Cigotuvi's Embrace             Necromancy                   5
   e - Dispel Undead                  Necromancy                   5
Comestibles
 g - 10 royal jellies
 j - 2 slices of pizza
 E - 2 meat rations
 M - a beef jerky


   Skills:
 - Level 6.9 Fighting
 + Level 8.2 Throwing
 + Level 6.5 Armour
 + Level 7.8 Dodging
 - Level 1.1 Stealth
 + Level 1.9 Shields
 - Level 7.7 Unarmed Combat
 + Level 6.8 Necromancy
 + Level 5.2 Evocations


You had 4 spell levels left.
You knew the following spells:

 Your Spells              Type           Power        Failure   Level  Hunger
a - Animate Skeleton      Necr           N/A          4%          1    ##.....
b - Pain                  Necr           #...         4%          1    ##.....
c - Corpse Rot            Necr           N/A          8%          2    ###....
d - Regeneration          Chrm/Necr      #.........   50%         3    ####...


Dungeon Overview and Level Annotations

Branches:
Dungeon (11/15)            Temple (1/1) D:4            Lair (0/8) D:11
    Orc (0/2) D:10

Altars:
Ashenzari
Cheibriados
Dithmenos
Elyvilon
Fedhas
Gozag
Kikubaaqudgha
Makhleb
Nemelex Xobeh
Okawaru
Pakellas
Qazlal
Ru
Sif Muna
Trog
Vehumet
Xom
Yredelemnul
Zin
The Shining One

Shops:
D:5 [   D:10 !

Annotations:
D:4 Pikel


Innate Abilities, Weirdness & Mutations

Your body is rotting away.
You thrive on raw meat.
You are immune to poison.
You have sharp fingernails.
You are carnivorous and can eat meat at any time.
Your flesh is cold resistant.
You are immune to negative energy.
You regenerate slowly when monsters are visible.
You are immune to unholy pain and torment.
You can survive without breathing.


Message History

Press: ? - help, Shift-Dir - straight line, f/p - minotaur
Aim: a minotaur (heavily wounded, poisoned)
You shoot a poisoned needle. The poisoned needle hits the minotaur.
The minotaur is heavily wounded.
Firing (i - inventory. (,) - cycle):
n - 46 poisoned needles (quivered)
Press: ? - help, Shift-Dir - straight line, f/p - minotaur
Aim: a minotaur (severely wounded, poisoned)
You shoot a poisoned needle. The poisoned needle hits the minotaur!
The minotaur is severely wounded.
Wield which item (- for none, * to show all)? (? for menu, Esc to quit)
You are now empty-handed.
You hit the minotaur but do no damage. Your punch misses the minotaur.
The minotaur is almost dead.
The minotaur barely misses you. The minotaur gores you.
* * * LOW HITPOINT WARNING * * *
You barely miss the minotaur.
The minotaur is almost dead.
The minotaur hits you!!
You die...
Kikubaaqudgha rasps: "You have failed me!
Welcome... oblivion!"

# ### ### # # #.#
#.# # #.# # ..# #.#
###.###########.#
..#.. ..#.......#
#(#.###§###.###H###
#. # #.(.#.#...@.#
# ###.#.#.##### #
..#. # ###


You could see a minotaur.

Vanquished Creatures
  Erica (D:9)
  The ghost of wearedevo the Chiller, a novice MfIE of Kikubaaqudgha (D:8)
  A hill giant (D:10)
  A manticore (D:9)
  Joseph (D:8)
  A kobold demonologist (D:9)
  3 trolls
  A two-headed ogre (D:8)
  Grinder (D:4)
  Prince Ribbit (D:6)
  Sigmund (D:5)
  A vampire (D:11)
  3 yaks (D:9)
  Grum (D:11)
  A wraith (D:10)
  2 hippogriffs (D:8)
  A hungry ghost (D:8)
  2 vampire mosquitoes (D:11)
  A warg (D:10)
  Edmund (D:5)
  A water moccasin (D:9)
  A soldier ant (D:9)
  Purgy (Sewer)
  3 sky beasts
  4 slaves
  5 orc warriors
  5 phantoms
  2 black bears (D:9)
  4 wasps (D:10)
  3 ice beasts
  7 ogres
  3 wolves (D:11)
  9 centaurs
  2 crocodiles
  6 big kobolds
  6 giant frogs
  2 scorpions
  4 killer bees (D:9)
  8 wights
  2 howler monkeys
  A centaur zombie (D:6)
  2 crimson imps
  A giant frog zombie (D:6)
  A quasit (D:10)
  4 hounds
  A jelly (D:8)
  5 orc priests
  11 orc wizards
  Crazy Yiuf (D:4)
  A centaur skeleton (D:10)
  4 giant frog skeletons
  3 iguanas
  12 worker ants
  6 big kobold zombies (Ossuary)
  A mummy (Ossuary)
  A worker ant zombie (D:8)
  11 adders
  A river rat (D:11)
  5 shadow imps
  3 oozes
  2 adder skeletons
  2 worms (D:4)
  A dart slug (D:4)
  6 giant geckos
  33 orcs
  3 spectral bats (Ossuary)
  16 giant cockroaches
  6 gnoll zombies (Ossuary)
  12 goblins
  5 hobgoblins
  11 jackals
  5 quokkas
  5 ball pythons
  A ball python skeleton (D:3)
  5 bats
  2 bat simulacra (Ossuary)
  2 giant newts (Sewer)
  3 goblin zombies (Ossuary)
  8 hobgoblin zombies (Ossuary)
  A jackal skeleton (D:7)
  A jackal zombie (D:7)
  34 kobolds
  A kobold simulacrum (Ossuary)
  5 kobold zombies (Ossuary)
  2 orc zombies (Ossuary)
  A quokka zombie (D:9)
  14 rats
  3 rat simulacra (Ossuary)
  5 spectral kobolds (Ossuary)
  4 spectral rats (Ossuary)
  A bush (D:1)
379 creatures vanquished.

Vanquished Creatures (others)
  A bat simulacrum (Ossuary)
  4 kobold simulacra (Ossuary)
  2 rat simulacra (Ossuary)
  A fungus (D:11)
8 creatures vanquished.

Grand Total: 387 creatures vanquished

Notes
Turn   | Place    | Note
--------------------------------------------------------------
     0 | D:1      | AlphabetPasta the Ghoul Hunter began the quest for the Orb.
     0 | D:1      | Reached XP level 1. HP: 17/17 MP: 0/0
   362 | D:1      | Reached XP level 2. HP: 24/24 MP: 1/1
   765 | D:1      | Reached skill level 1 in Unarmed Combat
   786 | D:1      | Reached XP level 3. HP: 30/30 MP: 2/2
  1080 | D:2      | Reached skill level 4 in Throwing
  1809 | D:2      | Reached XP level 4. HP: 35/37 MP: 3/3
  2132 | D:2      | You fall through a shaft!
  2311 | D:3      | Found an opulent altar of Gozag.
  2314 | D:3      | Found a snail-covered altar of Cheibriados.
  2317 | D:3      | Found a blossoming altar of Fedhas.
  2446 | D:3      | Found a stormy altar of Qazlal.
  2446 | D:3      | Noticed a fire elemental
  2595 | D:3      | Reached XP level 5. HP: 45/45 MP: 4/4
  2702 | D:3      | Noticed a water elemental
  2705 | D:3      | Noticed an air elemental
  2740 | D:4      | Found a staircase to the Ecumenical Temple.
  2768 | Temple   | Entered the Ecumenical Temple
  2833 | D:4      | Noticed Grinder
  2882 | D:4      | Noticed a phantom
  2899 | D:4      | Killed Grinder
  2899 | D:4      | Reached skill level 1 in Armour
  2899 | D:4      | Reached XP level 6. HP: 29/52 MP: 5/5
  2974 | D:4      | Found a sand-covered staircase.
  2980 | Ossuary  | Entered an ossuary
  3712 | Ossuary  | Reached XP level 7. HP: 21/56 MP: 6/6
  4220 | D:4      | Reached skill level 5 in Throwing
  4535 | D:4      | Found a shadowy altar of Dithmenos.
  4536 | D:4      | Found an ancient bone altar of Kikubaaqudgha.
  4542 | D:4      | Became a worshipper of Kikubaaqudgha
  4709 | D:4      | Found a shattered altar of Ashenzari.
  4769 | D:4      | Noticed Crazy Yiuf
  4795 | D:4      | Killed Crazy Yiuf
  5056 | D:5      | Entered Level 5 of the Dungeon
  5105 | D:5      | Noticed Sigmund
  5293 | D:5      | Found Utticw's Armour Boutique.
  5321 | D:5      | Reached skill level 1 in Necromancy
  5394 | D:5      | Reached XP level 8. HP: 32/67 MP: 7/7
  5442 | D:5      | Found a glowing drain.
  5464 | Sewer    | Entered a sewer
  5506 | Sewer    | Noticed Purgy
  5535 | Sewer    | Killed Purgy
  5670 | Sewer    | Reached * piety under Kikubaaqudgha
  5670 | Sewer    | Received a gift from Kikubaaqudgha
  5673 | Sewer    | Identified Kikubaaqudgha's Grimoire of Evil Secrets (Kikubaaqudgha gifted it to you in a sewer)
  5896 | D:5      | Reached skill level 5 in Fighting
  5928 | D:5      | Killed Sigmund
  6125 | D:5      | Found a glowing golden altar of the Shining One.
  6137 | D:5      | Noticed Edmund
  6167 | D:5      | Killed Edmund
  6316 | D:5      | Found an iron altar of Okawaru.
  6421 | D:6      | Found a sacrificial altar of Ru.
  6554 | D:6      | Noticed Prince Ribbit
  6805 | D:6      | Reached skill level 5 in Dodging
  6811 | D:6      | Noticed Pikel
  6847 | D:5      | Reached XP level 9. HP: 11/75 MP: 8/8
  7177 | D:5      | HP: 2/75 [Pikel/whip of electrocution (13)]
  7837 | D:6      | HP: 2/73 [Prince Ribbit (7)]
  7838 | D:6      | Killed Prince Ribbit
  7838 | D:6      | Reached skill level 5 in Unarmed Combat
  7844 | D:6      | HP: 3/73 [phantom (1)]
  8920 | D:6      | Reached skill level 6 in Throwing
  9463 | D:7      | Found a shimmering altar of Xom.
  9917 | D:7      | Found an oddly glowing altar of Pakellas.
  9974 | D:7      | Reached ** piety under Kikubaaqudgha
  9984 | D:7      | Learned a level 1 spell: Animate Skeleton
  9986 | D:7      | Learned a level 1 spell: Pain
  9989 | D:7      | Learned a level 2 spell: Corpse Rot
  9993 | D:7      | Learned a level 3 spell: Regeneration
 10415 | D:8      | Reached skill level 1 in Evocations
 10556 | D:8      | Noticed wearedevo's ghost (novice MfIE)
 10573 | D:8      | Killed wearedevo's ghost
 10573 | D:8      | Reached XP level 10. HP: 69/84 MP: 8/10
 10676 | D:8      | Found a white marble altar of Elyvilon.
 10855 | D:8      | Reached skill level 5 in Armour
 10911 | D:8      | Noticed Joseph
 10934 | D:8      | Killed Joseph
 11115 | D:8      | Reached skill level 5 in Necromancy
 11162 | D:8      | Reached skill level 7 in Throwing
 11586 | D:9      | Noticed a manticore
 11617 | D:9      | Killed a manticore
 11644 | D:9      | Noticed Erica
 11820 | D:9      | Killed Erica
 11917 | D:9      | Reached XP level 11. HP: 61/90 MP: 12/12
 12546 | D:9      | Found an ancient bone altar of Kikubaaqudgha.
 13211 | D:10     | Entered Level 10 of the Dungeon
 13421 | D:10     | Reached *** piety under Kikubaaqudgha
 13421 | D:10     | Received a gift from Kikubaaqudgha
 13461 | D:10     | Identified Kikubaaqudgha's Volume of Stolen Souls (Kikubaaqudgha gifted it to you on level 10 of the Dungeon)
 14201 | D:10     | Found a staircase to the Orcish Mines.
 14464 | D:10     | Reached skill level 1 in Shields
 14468 | D:10     | Noticed a hill giant
 14519 | D:10     | Killed a hill giant
 14519 | D:10     | Reached skill level 8 in Throwing
 14553 | D:10     | Found Loack's Distillery.
 14566 | D:10     | Bought a potion of cancellation for 112 gold pieces
 14566 | D:10     | Bought a potion of resistance for 140 gold pieces
 14725 | D:10     | Reached **** piety under Kikubaaqudgha
 14814 | D:11     | Found a labyrinth entrance.
 14830 | D:11     | Noticed Grum
 14852 | D:11     | Reached skill level 5 in Evocations
 14885 | D:11     | Killed Grum
 15067 | D:11     | Reached XP level 12. HP: 57/97 MP: 14/14
 15132 | Lab      | Entered a labyrinth
 15472 | Lab      | Noticed a minotaur
 15542 | Lab      | Mangled by a minotaur

Vault maps used:
D:1:      minmay_arrival_wavy_path, lexackson_kobold_supper
D:3:      nicolae_qazlal_style_of_elements, grunt_temple_overflow_diamond,
          first_bread
D:4:      nicolae_overflow_hidden_temple, gammafunk_temple_overflow_pools,
          minmay_temple_entry_hall, nicolae_ossuary_entry_false_entrances,
          uniq_crazy_yiuf_cottage, uniq_grinder
D:5:      kennysheep_mini_moat, kennysheep_little_box, gup_sewer_entry_pipe,
          serial_shops, nicolae_shop_crystal, uniq_edmund, uniq_sigmund
D:6:      lemuel_crystal_altar, grunt_ministairs_11, uniq_pikel,
          uniq_prince_ribbit1
D:7:      lemuel_coloured_pillars_altar, old_standard_altar
D:8:      lemuel_crystal_altar, uniq_joseph
D:9:      lemuel_centaur_altar, uniq_erica
D:10:     david_orc_3, serial_shops, nicolae_shop_statue_plus,
          hangedman_pestilent_swarm
D:11:     wad_cavern_with_rooms, grunt_lair_entry_orc_guard_hut,
          lab_entry_generic, minmay_misc_feat_plants,
          hangedman_parallel_progression, uniq_grum
Temple:   temple_island_7
Lab:      labyrinth_hidden_loot, labyrinth_fake_exit, labyrinth_skeletal_remains
Sewer:    sewer_co_purgy_island
Ossuary:  ossuary_zaba_two_paths

Skill      XL: |  1  2  3  4  5  6  7  8  9 10 11 |
---------------+----------------------------------+-----
Dodging        | 2 3 4 5 6 7 |  7.8
Unarmed Combat | 1 2 3 4 6 7 |  7.7
Throwing       | 4 5 6 7 8 |  8.2
Fighting       | 3 4 5 6 |  6.9
Armour         | 1 2 3 4 5 6 |  6.5
Necromancy     | 1 2 4 5 6 |  6.8
Evocations     | 1 3 5 |  5.2
Shields        | 1 |  1.9
Stealth        | |  1.1

Action                   |  1- 3 |  4- 6 |  7- 9 | 10-12 || total
-------------------------+-------+-------+-------+-------++-------
Melee: Short sword       |    23 |       |       |       ||    23
       Unarmed           |   237 |   390 |   794 |   863 ||  2284
       Punch             |     3 |     9 |    13 |    19 ||    44
 Fire: Hunting sling     |       |       |   137 |   126 ||   263
       Blowgun           |       |       |       |   125 ||   125
Throw: Javelin           |    19 |    31 |    67 |     2 ||   119
       Throwing net      |       |     6 |     7 |       ||    13
Evoke: Wand              |       |       |    22 |     1 ||    23
  Use: Scroll            |       |     8 |    23 |     7 ||    38
       Potion            |       |       |    10 |     6 ||    16
 Stab: Held in net/web   |       |     2 |     1 |       ||     3
       Sleeping          |       |     6 |     1 |       ||     7
  Eat: Chunk             |    24 |    22 |    59 |   125 ||   230
       Royal jelly       |       |       |     1 |       ||     1
       Beef jerky        |       |       |     1 |       ||     1
       Meat ration       |       |       |     1 |       ||     1
Armor: Leather armour    |    36 |    87 |    66 |       ||   189
       Scale mail        |       |       |   177 |    70 ||   247
       Troll leather arm |       |       |       |   155 ||   155
Dodge: Dodged            |    74 |   219 |   558 |   899 ||  1750
